 Dungeon Crawl Stone Soup version 0.22.1-1-ga44c0e5 (webtiles) character file.

50 Irenicus the Charlatan (level 3, -3/31 HPs)
             Began as a Deep Dwarf Artificer on Oct 1, 2018.
             Killed themself with a badly aimed iceblast (28 damage)
             ... on level 2 of the Dungeon.
             The game lasted 00:04:54 (587 turns).

Irenicus the Charlatan (Deep Dwarf Artificer)        Turns: 587, Time: 00:04:55

Health: -3/31      AC:  3    Str: 15    XL:     3   Next: 55%
Magic:  5/5        EV: 12    Int: 12    God:
Gold:   51         SH:  0    Dex: 13    Spells: 2/2 levels left

rFire    . . .     SeeInvis .   a - +0 short sword
rCold    . . .     Gourm    .   (no shield)
rNeg     . . .     Faith    .   b - +0 leather armour
rPois    .         Spirit   .   (no helmet)
rElec    .         Reflect  .   (no cloak)
rCorr    .         Harm     .   (no gloves)
MR       .....                  (no boots)
Stlth    ++........             (no amulet)
HPRegen  0.00/turn              (no ring)
MPRegen  0.09/turn              (no ring)

@: non-regenerating
A: damage resistance, heal wounds, sense surroundings 1, no regeneration
a: Heal Wounds


You were on level 2 of the Dungeon.
You were not hungry.

You visited 1 branch of the dungeon, and saw 2 of its levels.

You collected 51 gold pieces.

Inventory:

Hand Weapons
 a - a +0 short sword (weapon)
Armour
 b - a +0 leather armour (worn)
Wands
 c - a wand of flame (13)
 d - a wand of enslavement (15)
 e - a wand of random effects (8)
Scrolls
 i - a scroll of teleportation {unknown}
 l - a scroll of amnesia {unknown}
Potions
 g - a potion of agility {unknown}
 h - a potion of lignification {unknown}
 j - a potion of cancellation {unknown}
 k - a potion of heal wounds {unknown}
Comestibles
 f - 2 rations


   Skills:
 - Level 1.3 Fighting
 + Level 2.2 Short Blades
 - Level 2.1 Dodging
 + Level 3.1 Stealth
 - Level 4.0 Evocations


You had 2 spell levels left.
You didn't know any spells.
Your spell library was empty.

Dungeon Overview and Level Annotations

Branches:
Dungeon (2/15)

Altars:


Innate Abilities, Weirdness & Mutations

You are resistant to damage.
You can heal yourself by infusing magical energy.
You passively map a small area around you.
You do not regenerate.


Message History

The helpless bat fails to defend itself.
You puncture the bat!
You kill the bat!
You hit the bat.
You kill the bat!
A giant cockroach comes into view.
The hobgoblin shouts!
You hit the giant cockroach.
The giant cockroach bites you but does no damage.
You closely miss the giant cockroach. The giant cockroach closely misses you.
You hit the giant cockroach.
You kill the giant cockroach!
Your Stealth skill increases to level 3!
You barely miss the hobgoblin.
The hobgoblin hits you but does no damage.
You hit the hobgoblin.
The hobgoblin hits you but does no damage.
You completely miss the hobgoblin. The hobgoblin hits you with a club.
You take 3 damage, and have 26/31 hp.
You hit the hobgoblin but do no damage. You hit the hobgoblin.
You kill the hobgoblin!
You see here a club.
You open the door.
A kobold comes into view.
Found a stone staircase leading down.
There is an open door here.
A giant cockroach comes into view.
The giant cockroach moves out of view.
The kobold shouts!
The kobold barely misses you.
You see here 7 gold pieces.
You hit the kobold. The kobold barely misses you.
You closely miss the kobold. The giant cockroach bites you.
The kobold closely misses you.
Your leather armour prevents you from hitting the kobold.
The giant cockroach bites you. The kobold barely misses you.
You barely miss the kobold. The giant cockroach misses you.
The kobold completely misses you.
You closely miss the giant cockroach. The giant cockroach bites you.
The kobold hits you. The giant cockroach bites you.
You barely miss the giant cockroach. The giant cockroach bites you.
The kobold barely misses you.
You take 1 damage, and have 25/31 hp.
You hit the giant cockroach. The giant cockroach barely misses you.
The kobold hits you but does no damage.
You hit the kobold.
You kill the kobold!
The giant cockroach bites you but does no damage.
The giant cockroach closely misses you.
You closely miss the giant cockroach.
The giant cockroach bites you but does no damage.
You hit the giant cockroach.
You kill the giant cockroach!
You see here 7 gold pieces.
You now have 44 gold pieces (gained 7).
A hobgoblin comes into view. It is wielding a club.
There is an open door here.
The hobgoblin shouts!
You hit the hobgoblin.
The hobgoblin hits you but does no damage.
You hit the hobgoblin.
You kill the hobgoblin!
You open the door.
There is an open door here.
You open the door.
There is an open door here.
A bat comes into view.
The bat barely misses you. The bat barely misses you.
The bat hits you but does no damage.
You barely miss the bat. The bat hits you but does no damage.
You closely miss the bat. The bat closely misses you.
The bat hits you but does no damage.
You hit the bat. The bat closely misses you. x2
You hit the bat.
You kill the bat!
You open the door.
There is an open door here.
There is an open door here.
Found a stone staircase leading down.
You see here 7 gold pieces.
You now have 51 gold pieces (gained 7).
You see here a scroll labeled ADWONUR GI BUGO.
l - a scroll labeled ADWONUR GI BUGO
There is a stone staircase leading down here.
There is a stone staircase leading down here.
You climb downwards.
There is a stone staircase leading up here. 2 goblins and a hobgoblin come into view.
The hobgoblin shouts!
The goblin shouts!
The hobgoblin barely misses you.
You barely miss the hobgoblin.
Aim: a goblin, wielding a club The hobgoblin flickers and vanishes!
Something hits you but does no damage.
Aim: a goblin, wielding a club The mass of ice explodes!
The iceblast engulfs the goblin.
You kill the goblin!
The iceblast engulfs you!
Ouch! That really hurt!
You die...

#. ,, , #.#######
#.......#
#.....#.# , * *
#..<#.# , #.#...#
* * , ##.###...# *
#.........######.,
*
#....####@.......
, #... #.)###### ,
#.....?..).#
###....g....# *
#.........#
#.......#.#*
#.......#..*
#...........
#..#+#+#+#+#+


You could see a goblin.

Vanquished Creatures
  A gnoll (D:1)
  An ooze (D:1)
  6 bats (D:1)
  2 giant cockroaches (D:1)
  5 goblins
  3 hobgoblins (D:1)
  7 jackals (D:1)
  A frilled lizard (D:1)
  3 kobolds (D:1)
  2 rats (D:1)
31 creatures vanquished.

Notes
Turn   | Place    | Note
-------+----------+-------------------------------------------
     0 | D:1      | Irenicus the Deep Dwarf Artificer began the quest for the
                  | Orb.
     0 | D:1      | Reached XP level 1. HP: 16/16 MP: 3/3
    37 | D:1      | Reached skill level 1 in Fighting
    37 | D:1      | Reached skill level 1 in Short Blades
    37 | D:1      | Reached XP level 2. HP: 25/25 MP: 5/5
    41 | D:1      | Reached skill level 2 in Stealth
   249 | D:1      | Reached XP level 3. HP: 21/31 MP: 6/6
   292 | D:1      | Reached skill level 2 in Short Blades
   383 | D:1      | Reached skill level 3 in Stealth
   587 | D:2      | Killed themself with a badly aimed iceblast

Skill      XL: |  1  2  3 |
---------------+----------+-----
Fighting       | 1 |  1.3
Short Blades   | 1 2 |  2.2
Stealth        | 2 3 |  3.1
Dodging        | |  2.1
Evocations     | |  4.0

Action                   || total
-------------------------++-------
Melee: Short sword       ||    87
 Abil: Heal Wounds       ||     1
Evoke: Wand              ||     9
 Stab: Sleeping          ||     3
Armor: Leather armour    ||    38
Dodge: Dodged            ||    67

Vault maps used:
D:1:      minmay_arrival_radiant_lines
D:2:      minmay_roachtagon, nicolae_overflow_crystal_walls,
          minmay_rat_gold_closets, uniq_sigmund

Table legend:
 A = Turns spent in this place as a percentage of turns spent in the entire game.
 B = Non-inter-level travel turns spent in this place as a percentage of non-inter-level travel turns spent in the entire game.
 C = Inter-level travel turns spent in this place as a percentage of turns spent in this place.
 D = Turns resting spent in this place as a percentage of non-inter-level travel turns spent in this place.
 E = Turns spent auto-exploring this place as a percentage of non-inter-level travel turns spent in this place.
 F = Non-inter-level travel turns spent in this place divided by the number of levels of this place that you've seen.
                   A       B       C       D       E      F
               +-------+-------+-------+-------+-------+----------------------
         Total | 100.0 | 100.0 |   0.0 |   0.0 |   0.0 | 293.5
       Dungeon | 100.0 | 100.0 |   0.0 |   0.0 |   0.0 | 293.5
               +-------+-------+-------+-------+-------+----------------------

Table legend:
 A = Kills in this place as a percentage of kills in entire the game.
 B = Kills by you in this place as a percentage of kills by you in the entire game.
 C = Kills by friends in this place as a percentage of kills by friends in the entire game.
 D = Other kills in this place as a percentage of other kills in the entire game.
 E = Experience gained in this place as a percentage of experience gained in the entire game.
 F = Experience gained in this place divided by the number of levels of this place that you have seen.
                   A       B       C       D       E      F
               +-------+-------+-------+-------+-------+----------------------
         Total | 100.0 | 100.0 |   N/A |   N/A | 100.0 |  36.0
       Dungeon | 100.0 | 100.0 |   N/A |   N/A | 100.0 |  36.0
               +-------+-------+-------+-------+-------+----------------------
